 Dungeon Crawl Stone Soup version 0.31-a0-174-g85c54bcb58 (webtiles) character file.

Game seed: 7974519577516001219

6375 qw the Skirmisher (level 10, -2/96 HPs)
             Began as a Naga Hunter on June 15, 2023.
             Was a Believer of Okawaru.
             Slain by Grum
             ... wielding a +1 spear
              (9 damage)
             ... on level 9 of the Dungeon.
             The game lasted 00:03:27 (8884 turns).

qw the Skirmisher (Naga Hunter)                     Turns: 8884, Time: 00:03:27

Health: -2/96      AC: 16    Str: 13    XL:     10   Next: 97%
Magic:  12/13      EV: 13    Int:  9    God:    Okawaru [**....]
Gold:   479        SH:  0    Dex: 20    Spells: 9/9 levels left

rFire   . . .        Y - +0 orcbow (drain)
rCold   . . .        (shield currently unavailable)
rNeg    . . .        g - +1 leather armour "Jiwnupac" {rElec}
rPois   +            (no helmet)
rElec   +            (no cloak)
rCorr   .            j - +1 pair of gloves
SInv    +            h - +2 barding
Will    +....        (no amulet)
Stlth   +++          (no ring)
HPRegen 0.36/turn    (no ring)
MPRegen 0.13/turn

%: no passive effects
@: about to teleport, short of breath, heroic, very slow
A: AC +3, large, see invisible, deformed body, poison resistance, slowness 2,
spit poison 1, naga tail 1
a: Spit Poison, Renounce Religion, Heroism


You were on level 9 of the Dungeon.
You worshipped Okawaru.
Okawaru was pleased with you.
You visited 1 branch of the dungeon, and saw 9 of its levels.
You also visited: Ossuary.

You collected 689 gold pieces.
You spent 210 gold pieces at shops.


Innate Abilities, Weirdness & Mutations

Your serpentine skin is tough. (AC +3)
You have supernaturally acute eyesight. (SInv)
Armour fits poorly on your strangely shaped body.
Your system is resistant to poisons. (rPois)
You cover ground very slowly.
You can spit poison.
You have a snake-like lower body.


   Skills:
 - Level 8.1(13.1) Fighting
 - Level 12.0(17.0) Ranged Weapons
 + Level 2.4(7.4) Armour
 - Level 4.1(9.1) Dodging
 - Level 1.5(6.5) Stealth
 - Level 4.0 Invocations


You had 9 spell levels left.
You didn't know any spells.
Your spell library was empty.

Inventory:

Hand Weapons
 Y - a +0 orcbow of draining (weapon)
Armour
 g - the +1 leather armour "Jiwnupac" (worn) {rElec}
   (You found it on level 8 of the Dungeon)

   rElec:     It insulates you from electricity.
 h - a +2 barding (worn)
 j - a +1 pair of gloves (worn)
 k - +0 steam dragon scales
Scrolls
 c - a scroll of noise {unknown}
 e - 2 scrolls of identify
Potions
 a - a potion of resistance
 d - 8 potions of curing
 f - 2 potions of might
 i - a potion of cancellation
 l - a potion of haste

Dungeon Overview and Level Annotations

Branches:
Dungeon (9/15)             Temple (0/1) D:5         Ossuary (visited)
   Lair: D:8-11         Orc: D:9-12

Altars:
Dithmenos
Gozag
Kikubaaqudgha
Makhleb
Nemelex Xobeh
Okawaru
Trog
Uskayaw
Vehumet
Xom
Yredelemnul
Zin

Shops:
D:1 :   D:4 ?

Annotations:
D:3 2 transporters
D:6 4 runed translucent doors, Crazy Yiuf; qw's ghost, novice GrFi
D:9 Grum


Message History

You kill the wolf!
Okawaru accepts your kill. The killer bee barely misses you.
The wolf bites you.
Grum hits you from afar with a +1 spear!
The killer bee barely misses you. The wolf bites you but does no damage.
Your base Ranged Weapons skill increases to level 12!
You shoot an arrow. The arrow hits the wolf!
The wolf is heavily wounded.
The killer bee misses you.
A wight comes into view.
It is wielding a +3 hand axe of freezing.
Grum completely misses you. The killer bee completely misses you.
You shoot an arrow. The arrow barely misses the wolf.
The wolf misses you.
The killer bee stings you but does no damage.
Grum closely misses you.
You shoot an arrow. The arrow hits the wolf!!
You kill the wolf!
Okawaru accepts your kill. The killer bee barely misses you.
The wolf completely misses you.
You shoot an arrow. The arrow hits the wolf!!
The wolf is almost dead.
The killer bee stings you but does no damage.
The wolf bites you but does no damage.
A wight comes into view. It is wielding a +3 hand axe.
Grum hits you from afar with a +1 spear!
The killer bee stings you.
8883 ||| READING scroll of teleportation.
As you read the scroll of teleportation, it crumbles to dust.
You feel strangely unstable. The wolf bites you but does no damage.
The killer bee stings you! The wolf barely misses you.
Grum hits you from afar with a +1 spear!
The killer bee barely misses you.
You shoot an arrow. The arrow hits the wolf!
You kill the wolf!
Okawaru accepts your kill.
The killer bee stings you but does no damage.
A wight comes into view.
It is wielding a +5 dire flail of freezing.
Grum hits you from afar with a +1 spear!
You die...

(
....####################
<.....y@...[............
....zg%%%...............
.$.zz...................
....####################
... .z .


You could see Grum, a killer bee and 4 wights.

Vanquished Creatures
  Prince Ribbit (D:6)
  10 yaks
  Sigmund (D:3)
  3 wyverns
  A steam dragon (D:8)
  Eustachio (D:5)
  Edmund (D:6)
  2 acid dragons (D:9)
  3 water moccasins
  Duvessa (D:7)
  2 ice beasts
  2 orc warriors (D:8)
  A black bear (D:7)
  5 ogres
  A centaur (D:6)
  A phantom (D:6)
  4 wolves (D:9)
  2 elf zombies (Ossuary)
  4 bullfrogs
  4 scorpions
  Dowan (D:7)
  3 killer bees (D:9)
  An electric eel (D:6)
  A howler monkey (D:5)
  A bullfrog zombie (D:6)
  4 hounds
  2 jellies
  A centaur zombie (Ossuary)
  A human zombie (Ossuary)
  6 orc priests
  A sleepcap (D:7)
  4 iguanas
  3 orc wizards
  A killer bee zombie (D:6)
  3 hound zombies (Ossuary)
  3 mummies (Ossuary)
  6 adders
  5 gnolls
  A shadow imp (D:7)
  A white imp (D:5)
  3 adder zombies (Ossuary)
  4 dart slugs
  30 orcs
  5 endoplasms
  2 gnoll zombies (Ossuary)
  3 goblins
  3 hobgoblins
  6 jackals
  5 kobolds
  4 quokkas
  8 ball pythons
  4 bats
  4 frilled lizards
  4 goblin zombies (Ossuary)
  7 hobgoblin zombies (Ossuary)
  4 jackal zombies (Ossuary)
  2 kobold zombies (Ossuary)
  An orc zombie (Ossuary)
  4 quokka zombies (Ossuary)
  2 rats
  A rat zombie (Ossuary)
205 creatures vanquished.

Notes
Turn   | Place    | Note
-------+----------+-------------------------------------------
     0 | D:1      | qw the Naga Hunter began the quest for the Orb.
     0 | D:1      | Reached XP level 1. HP: 19/19 MP: 1/1
     0 | D:1      | 0 ||| qw: Version: 0.2-a-29-g511e9b1
     0 | D:1      | 0 ||| qw: Game counter: 5408
     0 | D:1      | 0 ||| qw: Always use a shield: true
     0 | D:1      | 0 ||| qw: God list: Okawaru
     0 | D:1      | 0 ||| qw: Allow faded altars: false
     0 | D:1      | 0 ||| qw: Do Orc after D:15 true
     0 | D:1      | 0 ||| qw: Do second Lair branch before Depths: true
     0 | D:1      | 0 ||| qw: Lair rune preference: random
     0 | D:1      | 0 ||| qw: Plans: Normal
     0 | D:1      | 0 ||| PLANNING D:1-11
   115 | D:1      | Found Ziosou's Book Emporium.
   140 | D:1      | 140 ||| INVOKING Spit Poison.
   212 | D:1      | 212 ||| INVOKING Spit Poison.
   266 | D:1      | 266 ||| INVOKING Spit Poison.
   375 | D:1      | 375 ||| INVOKING Spit Poison.
   417 | D:1      | 417 ||| INVOKING Spit Poison.
   424 | D:1      | Reached skill level 4 in Ranged Weapons
   424 | D:1      | Reached XP level 2. HP: 26/26 MP: 2/2
   426 | D:1      | 426 ||| INVOKING Spit Poison.
   431 | D:1      | 431 ||| INVOKING Spit Poison.
   451 | D:1      | 451 ||| INVOKING Spit Poison.
   454 | D:1      | 454 ||| INVOKING Spit Poison.
   571 | D:1      | 571 ||| INVOKING Spit Poison.
   609 | D:1      | 609 ||| INVOKING Spit Poison.
   629 | D:1      | 629 ||| INVOKING Spit Poison.
   778 | D:1      | 778 ||| READING scroll labelled TUPLA DETIYR.
   779 | D:1      | 779 ||| DRINKING 2 purple potions.
   780 | D:1      | 780 ||| DRINKING 3 bubbling brown potions.
   781 | D:1      | 781 ||| DROPPING scroll of butterflies.
   811 | D:2      | 811 ||| INVOKING Spit Poison.
   817 | D:2      | 817 ||| INVOKING Spit Poison.
   820 | D:2      | Reached XP level 3. HP: 23/32 MP: 3/3
   878 | D:2      | Found a faded altar of an unknown god.
   901 | D:2      | 901 ||| INVOKING Spit Poison.
   955 | D:2      | 955 ||| INVOKING Spit Poison.
   961 | D:2      | 961 ||| INVOKING Spit Poison.
   966 | D:2      | 966 ||| INVOKING Spit Poison.
   970 | D:2      | 970 ||| INVOKING Spit Poison.
   972 | D:2      | HP: 8/32 [hobgoblin (1)]
   973 | D:2      | 973 ||| DRINKING 2 potions of heal wounds.
   974 | D:2      | 974 ||| INVOKING Spit Poison.
   998 | D:2      | Found a hide-covered altar of Uskayaw.
  1061 | D:2      | 1061 ||| INVOKING Spit Poison.
  1069 | D:2      | 1069 ||| INVOKING Spit Poison.
  1090 | D:2      | 1090 ||| INVOKING Spit Poison.
  1104 | D:2      | 1104 ||| INVOKING Spit Poison.
  1107 | D:2      | Reached skill level 5 in Ranged Weapons
  1107 | D:2      | Reached XP level 4. HP: 39/39 MP: 4/4
  1108 | D:2      | 1108 ||| INVOKING Spit Poison.
  1173 | D:2      | 1173 ||| INVOKING Spit Poison.
  1234 | D:2      | 1234 ||| INVOKING Spit Poison.
  1263 | D:2      | 1263 ||| INVOKING Spit Poison.
  1406 | D:2      | 1406 ||| UPGRADING to amulet of guardian spirit.
  1411 | D:2      | 1411 ||| READING 2 scrolls labelled XAHYUSINO.
  1415 | D:2      | 1415 ||| READING scroll labelled WEOBYO ZYDOOGGUETH.
  1416 | D:2      | 1416 ||| DROPPING potion of invisibility.
  1434 | D:3      | 1434 ||| INVOKING Spit Poison.
  1436 | D:3      | 1436 ||| STAIRDANCE
  1470 | D:3      | Noticed Sigmund
  1472 | D:3      | 1472 ||| INVOKING Spit Poison.
  1475 | D:3      | 1475 ||| INVOKING Spit Poison.
  1484 | D:3      | 1484 ||| INVOKING Spit Poison.
  1484 | D:3      | Killed Sigmund
  1485 | D:3      | Reached XP level 5. HP: 18/51 MP: 1/5
  1485 | D:3      | Reached XP level 6. HP: 20/58 MP: 1/6
  1603 | D:3      | 1603 ||| INVOKING Spit Poison.
  1680 | D:3      | 1680 ||| INVOKING Spit Poison.
  1682 | D:3      | 1682 ||| Stepping ~*~*~tactically~*~*~ (outnumbered).
  1683 | D:3      | 1683 ||| INVOKING Spit Poison.
  1688 | D:3      | 1688 ||| INVOKING Spit Poison.
  1689 | D:3      | 1689 ||| INVOKING Spit Poison.
  1691 | D:3      | 1691 ||| DRINKING potion of curing.
  1691 | D:3      | 1691 ||| (to cure confusion)
  1768 | D:3      | 1768 ||| INVOKING Spit Poison.
  1773 | D:3      | Found a transporter.
  2005 | D:3      | Identified the +6 spear "Wefewa" {venom, rC+ Dex+6}
  2039 | D:3      | Found a transporter.
  2452 | D:3      | 2452 ||| UPGRADING to +0 pair of gloves.
  2457 | D:3      | 2457 ||| READING scroll labelled UREMUUMIYNN.
  2458 | D:3      | 2458 ||| READING scroll labelled WAP QODATAF.
  2459 | D:3      | 2459 ||| READING scroll labelled WOWOOVV NEXID.
  2460 | D:3      | 2460 ||| DRINKING 2 bubbling silvery potions.
  2461 | D:3      | 2461 ||| DROPPING potion of attraction.
  2553 | D:4      | 2553 ||| INVOKING Spit Poison.
  2558 | D:4      | 2558 ||| INVOKING Spit Poison.
  2561 | D:4      | 2561 ||| INVOKING Spit Poison.
  2595 | D:4      | 2595 ||| INVOKING Spit Poison.
  2601 | D:4      | 2601 ||| INVOKING Spit Poison.
  2604 | D:4      | 2604 ||| INVOKING Spit Poison.
  2625 | D:4      | Noticed a +0 dagger
  2631 | D:4      | Found a hide-covered altar of Uskayaw.
  2631 | D:4      | Noticed a +0 falchion
  2632 | D:4      | Noticed a +0 short sword
  2633 | D:4      | Noticed a +0 dagger
  2633 | D:4      | Noticed a +0 falchion
  2633 | D:4      | Noticed a +0 spear
  2634 | D:4      | Noticed a +0 short sword
  2634 | D:4      | Noticed a +0 spear
  2654 | D:4      | 2654 ||| INVOKING Spit Poison.
  2674 | D:4      | 2674 ||| INVOKING Spit Poison.
  2677 | D:4      | 2677 ||| Stepping ~*~*~tactically~*~*~ (outnumbered).
  2678 | D:4      | 2678 ||| INVOKING Spit Poison.
  2684 | D:4      | 2684 ||| INVOKING Spit Poison.
  2691 | D:4      | 2691 ||| INVOKING Spit Poison.
  2695 | D:4      | 2695 ||| INVOKING Spit Poison.
  2697 | D:4      | Reached skill level 6 in Ranged Weapons
  2701 | D:4      | HP: 7/58 [orc priest/nerve-wracking pain (9)]
  2702 | D:4      | 2702 ||| READING 2 scrolls of teleportation.
  2703 | D:4      | 2703 ||| DRINKING potion of heal wounds.
  2704 | D:4      | 2704 ||| INVOKING Spit Poison.
  2704 | D:4      | Found an iron altar of Okawaru.
  2705 | D:4      | 2705 ||| PLANNING OKAWARU WORSHIP
  2811 | D:4      | Became a worshipper of Warmaster Okawaru
  2812 | D:4      | 2812 ||| PLANNING D:1-11
  2812 | D:4      | 2812 ||| REMOVING amulet of guardian spirit.
  2868 | D:4      | 2868 ||| INVOKING Spit Poison.
  2892 | D:4      | 2892 ||| INVOKING Spit Poison.
  2896 | D:4      | 2896 ||| INVOKING Spit Poison.
  2900 | D:4      | Reached XP level 7. HP: 66/66 MP: 7/7
  2967 | D:4      | Found Naezxar's Magic Scroll Shop.
  2975 | D:4      | 2975 ||| BUYING scroll of brand weapon (114 gold).
  2975 | D:4      | Bought a scroll of brand weapon for 114 gold pieces
  2975 | D:4      | 2975 ||| BUYING scroll of identify (24 gold).
  2975 | D:4      | Bought a scroll of identify for 24 gold pieces
  2975 | D:4      | 2975 ||| BUYING scroll of identify (24 gold).
  2975 | D:4      | Bought a scroll of identify for 24 gold pieces
  2975 | D:4      | 2975 ||| BUYING scroll of identify (24 gold).
  2975 | D:4      | Bought a scroll of identify for 24 gold pieces
  2975 | D:4      | 2975 ||| BUYING scroll of identify (24 gold).
  2975 | D:4      | Bought a scroll of identify for 24 gold pieces
  2975 | D:4      | 2975 ||| READING scroll of brand weapon.
  2975 | D:4      | 2975 ||| BRANDING +1 shortbow.
  3035 | D:4      | 3035 ||| DROPPING amulet of guardian spirit.
  3036 | D:4      | 3036 ||| READING 5 scrolls of identify.
  3036 | D:4      | 3036 ||| IDENTIFYING glowing ruby potion
  3037 | D:4      | 3037 ||| READING 4 scrolls of identify.
  3037 | D:4      | 3037 ||| IDENTIFYING viscous silvery potion
  3038 | D:4      | 3038 ||| READING 3 scrolls of identify.
  3038 | D:4      | 3038 ||| IDENTIFYING red potion
  3039 | D:4      | 3039 ||| READING 2 scrolls of identify.
  3039 | D:4      | 3039 ||| IDENTIFYING ruby potion
  3040 | D:4      | 3040 ||| DROPPING potion of lignification.
  3041 | D:4      | 3041 ||| DROPPING potion of brilliance.
  3042 | D:4      | 3042 ||| DROPPING potion of ambrosia.
  3068 | D:5      | Entered Level 5 of the Dungeon
  3214 | D:5      | 3214 ||| INVOKING Spit Poison.
  3233 | D:5      | 3233 ||| INVOKING Spit Poison.
  3270 | D:5      | 3270 ||| INVOKING Spit Poison.
  3273 | D:5      | Reached skill level 7 in Ranged Weapons
  3275 | D:5      | 3275 ||| INVOKING Spit Poison.
  3280 | D:5      | 3280 ||| INVOKING Spit Poison.
  3281 | D:5      | Reached * piety under Okawaru
  3282 | D:5      | 3282 ||| INVOKING Heroism.
  3287 | D:5      | 3287 ||| INVOKING Spit Poison.
  3448 | D:5      | 3448 ||| INVOKING Heroism.
  3449 | D:5      | 3449 ||| INVOKING Spit Poison.
  3453 | D:5      | Reached XP level 8. HP: 73/73 MP: 5/8
  3493 | D:5      | Reached skill level 8 in Ranged Weapons
  3494 | D:5      | Found a bloodstained altar of Trog.
  3496 | D:5      | 3496 ||| INVOKING Spit Poison.
  3523 | D:5      | Identified the staff of conjuration "Woal" {rElec rF+}
  3626 | D:5      | 3626 ||| INVOKING Spit Poison.
  3628 | D:5      | Noticed Eustachio
  3629 | D:5      | 3629 ||| INVOKING Heroism.
  3630 | D:5      | 3630 ||| INVOKING Heroism.
  3631 | D:5      | 3631 ||| INVOKING Spit Poison.
  3637 | D:5      | 3637 ||| INVOKING Spit Poison.
  3638 | D:5      | Killed Eustachio
  3748 | D:5      | 3748 ||| INVOKING Heroism.
  3751 | D:5      | 3751 ||| INVOKING Spit Poison.
  3770 | D:5      | Found a glowing silver altar of Zin.
  3813 | D:5      | Found a staircase to the Ecumenical Temple.
  3843 | D:5      | 3843 ||| INVOKING Spit Poison.
  3849 | D:5      | 3849 ||| UPGRADING to +0 orcbow.
  3850 | D:5      | 3850 ||| DROPPING +1 shortbow of flaming.
  3865 | D:5      | 3865 ||| INVOKING Spit Poison.
  4002 | D:5      | 4002 ||| INVOKING Heroism.
  4004 | D:5      | 4004 ||| INVOKING Spit Poison.
  4107 | D:5      | Found a shadowy altar of Dithmenos.
  4116 | D:5      | Found a shimmering altar of Xom.
  4184 | D:5      | 4184 ||| INVOKING Heroism.
  4305 | D:5      | 4305 ||| READING scroll labelled AMPODA VIOHAWN.
  4366 | D:6      | 4366 ||| INVOKING Spit Poison.
  4413 | D:6      | Reached skill level 9 in Ranged Weapons
  4548 | D:6      | Reached skill level 1 in Armour
  4626 | D:6      | Reached skill level 1 in Invocations
  4723 | D:6      | 4723 ||| INVOKING Spit Poison.
  4728 | D:6      | Reached XP level 9. HP: 69/81 MP: 10/10
  4943 | D:6      | Found a sparkling altar of Nemelex Xobeh.
  4963 | D:6      | 4963 ||| INVOKING Heroism.
  4985 | D:6      | 4985 ||| INVOKING Spit Poison.
  4988 | D:6      | 4988 ||| INVOKING Spit Poison.
  5022 | D:6      | Noticed Edmund
  5023 | D:6      | 5023 ||| INVOKING Heroism.
  5026 | D:6      | 5026 ||| INVOKING Spit Poison.
  5027 | D:6      | Killed Edmund
  5028 | D:6      | Reached skill level 3 in Dodging
  5028 | D:6      | Reached skill level 3 in Invocations
  5085 | D:6      | Noticed Prince Ribbit
  5086 | D:6      | 5086 ||| INVOKING Heroism.
  5089 | D:6      | 5089 ||| INVOKING Spit Poison.
  5092 | D:6      | Killed Prince Ribbit
  5144 | D:6      | Found a runed translucent gate.
  5144 | D:6      | Found a runed translucent gate.
  5144 | D:6      | Found a runed translucent gate.
  5144 | D:6      | Noticed qw's ghost (novice GrFi)
  5146 | D:6      | 5146 ||| READING 2 scrolls of identify.
  5146 | D:6      | 5146 ||| IDENTIFYING bubbling grey potion
  5147 | D:6      | Found a basalt altar of Yredelemnul.
  5302 | D:6      | 5302 ||| INVOKING Heroism.
  5305 | D:6      | 5305 ||| INVOKING Spit Poison.
  5307 | D:6      | Reached skill level 6 in Fighting
  5457 | D:6      | 5457 ||| INVOKING Heroism.
  5458 | D:6      | 5458 ||| INVOKING Spit Poison.
  5459 | D:6      | 5459 ||| Stepping ~*~*~tactically~*~*~ (outnumbered).
  5461 | D:6      | 5461 ||| INVOKING Spit Poison.
  5638 | D:6      | Found a runed translucent door.
  5639 | D:6      | Noticed Crazy Yiuf
  5937 | D:6      | 5937 ||| READING scroll labelled ZIAMNAZXASH.
  5938 | D:6      | 5938 ||| DRINKING 2 grey potions.
  6000 | D:7      | 6000 ||| PLANNING OSSUARY
  6000 | D:7      | 6000 ||| INVOKING Spit Poison.
  6004 | D:7      | 6004 ||| STAIRDANCE
  6006 | D:6      | 6006 ||| INVOKING Heroism.
  6007 | D:6      | 6007 ||| INVOKING Spit Poison.
  6014 | D:6      | HP: 16/82 [wyvern (12)]
  6015 | D:6      | 6015 ||| READING 3 scrolls of teleportation.
  6016 | D:6      | 6016 ||| INVOKING Spit Poison.
  6347 | D:7      | Noticed Duvessa
  6347 | D:7      | Noticed Dowan
  6348 | D:7      | 6348 ||| INVOKING Heroism.
  6349 | D:7      | 6349 ||| INVOKING Spit Poison.
  6353 | D:7      | Killed Duvessa
  6357 | D:7      | Killed Dowan
  6397 | D:7      | 6397 ||| INVOKING Spit Poison.
  6401 | D:7      | 6401 ||| INVOKING Heroism.
  6402 | D:7      | 6402 ||| INVOKING Spit Poison.
  6407 | D:7      | 6407 ||| INVOKING Spit Poison.
  6503 | D:7      | Found a sand-covered staircase.
  6504 | D:7      | 6504 ||| DROPPING +6 ring of intelligence.
  6505 | D:7      | 6505 ||| READING 2 scrolls of identify.
  6505 | D:7      | 6505 ||| IDENTIFYING bubbling ruby potion
  6506 | D:7      | 6506 ||| DROPPING potion of degeneration.
  6512 | Ossuary  | Entered an ossuary
  6566 | Ossuary  | Reached skill level 10 in Ranged Weapons
  6737 | Ossuary  | 6737 ||| READING scroll of enchant armour.
  6737 | Ossuary  | 6737 ||| ENCHANTING +0 pair of gloves.
  6757 | Ossuary  | 6757 ||| INVOKING Heroism.
  6981 | D:7      | 6981 ||| PLANNING D:1-11
  6992 | D:7      | 6992 ||| INVOKING Spit Poison.
  6999 | D:7      | 6999 ||| INVOKING Spit Poison.
  7040 | D:7      | 7040 ||| INVOKING Spit Poison.
  7043 | D:7      | 7043 ||| INVOKING Spit Poison.
  7046 | D:7      | 7046 ||| INVOKING Spit Poison.
  7096 | D:7      | 7096 ||| INVOKING Spit Poison.
  7103 | D:7      | 7103 ||| INVOKING Spit Poison.
  7177 | D:7      | 7177 ||| INVOKING Heroism.
  7178 | D:7      | 7178 ||| INVOKING Spit Poison.
  7420 | D:8      | 7420 ||| INVOKING Heroism.
  7421 | D:8      | 7421 ||| INVOKING Spit Poison.
  7428 | D:8      | Reached XP level 10. HP: 93/94 MP: 10/13
  7430 | D:8      | 7430 ||| INVOKING Spit Poison.
  7434 | D:8      | 7434 ||| INVOKING Spit Poison.
  7463 | D:8      | 7463 ||| READING scroll of brand weapon.
  7463 | D:8      | 7463 ||| BRANDING +0 orcbow.
  7470 | D:8      | Found a burning altar of Makhleb.
  7485 | D:8      | Found an ancient bone altar of Kikubaaqudgha.
  7493 | D:8      | 7493 ||| INVOKING Spit Poison.
  7500 | D:8      | 7500 ||| INVOKING Spit Poison.
  7544 | D:8      | Found an opulent altar of Gozag.
  7553 | D:8      | Identified the +1 leather armour "Jiwnupac" {rElec}
  7563 | D:8      | 7563 ||| INVOKING Spit Poison.
  7699 | D:8      | 7699 ||| INVOKING Spit Poison.
  7704 | D:8      | Reached skill level 11 in Ranged Weapons
  7706 | D:8      | 7706 ||| INVOKING Spit Poison.
  7710 | D:8      | 7710 ||| INVOKING Heroism.
  7711 | D:8      | 7711 ||| INVOKING Spit Poison.
  7715 | D:8      | 7715 ||| INVOKING Spit Poison.
  7723 | D:8      | 7723 ||| INVOKING Spit Poison.
  7726 | D:8      | HP: 21/94 [yak (9)]
  7727 | D:8      | 7727 ||| READING 2 scrolls of teleportation.
  7729 | D:8      | HP: 7/94 [yak (7)]
  8091 | D:8      | 8091 ||| INVOKING Heroism.
  8092 | D:8      | 8092 ||| INVOKING Spit Poison.
  8207 | D:8      | 8207 ||| INVOKING Spit Poison.
  8214 | D:8      | 8214 ||| INVOKING Spit Poison.
  8221 | D:8      | 8221 ||| INVOKING Spit Poison.
  8307 | D:8      | 8307 ||| INVOKING Heroism.
  8311 | D:8      | 8311 ||| INVOKING Spit Poison.
  8319 | D:8      | 8319 ||| INVOKING Spit Poison.
  8480 | D:8      | Found a radiant altar of Vehumet.
  8587 | D:8      | 8587 ||| UPGRADING to +1 leather armour "Jiwnupac" {rElec}.
  8597 | D:8      | 8597 ||| DROPPING +0 leather armour.
  8598 | D:8      | 8598 ||| UPGRADING to +2 barding.
  8603 | D:8      | 8603 ||| READING 3 scrolls of identify.
  8603 | D:8      | 8603 ||| IDENTIFYING bubbling orange potion
  8640 | D:9      | 8640 ||| INVOKING Spit Poison.
  8644 | D:9      | Reached ** piety under Okawaru
  8645 | D:9      | 8645 ||| INVOKING Spit Poison.
  8649 | D:9      | 8649 ||| INVOKING Spit Poison.
  8651 | D:9      | 8651 ||| STAIRDANCE
  8653 | D:8      | 8653 ||| INVOKING Spit Poison.
  8658 | D:8      | 8658 ||| INVOKING Heroism.
  8661 | D:8      | 8661 ||| INVOKING Spit Poison.
  8669 | D:8      | 8669 ||| INVOKING Spit Poison.
  8803 | D:9      | 8803 ||| INVOKING Spit Poison.
  8855 | D:9      | 8855 ||| INVOKING Spit Poison.
  8860 | D:9      | 8860 ||| INVOKING Spit Poison.
  8864 | D:9      | 8864 ||| INVOKING Spit Poison.
  8867 | D:9      | Noticed Grum
  8868 | D:9      | 8868 ||| INVOKING Heroism.
  8871 | D:9      | 8871 ||| INVOKING Spit Poison.
  8878 | D:9      | 8878 ||| INVOKING Spit Poison.
  8879 | D:9      | Reached skill level 12 in Ranged Weapons
  8882 | D:9      | HP: 22/96 [Grum/+1 spear (12)]
  8883 | D:9      | 8883 ||| READING scroll of teleportation.
  8883 | D:9      | HP: 7/96 [Grum/+1 spear (8)]
  8884 | D:9      | Slain by Grum

Levels and vault maps discovered:
D:1:      elethiomel_arrival_quiet, layout_basic, serial_shops, shop
D:2:      layout_basic, basic_ecumenical_altar, basic_altar, nrook_mini_vaults
D:3:      layout_basic, gammafunk_ghost_gnarly_gnolls, guppyfry_early_lair_pool,
          uniq_sigmund
D:4:      layout_rooms, nicolae_uskayaw_en_pointe,
          mainiacjoe_overflow_surrounded_room, serial_shops, shop
D:5:      layout_basic, mainiacjoe_overflow_small_starburst, zin_academy,
          mainiacjoe_overflow_swirl, minmay_temple_entry_junction_2,
          kennysheep_potato, uniq_eustachio
D:6:      layout_layer_cave, nicolae_yredelemnul_ghost_church,
          nemelex_xobeh_ov_fountains_minmay, kennysheep_generic_room_16,
          uniq_crazy_yiuf_cottage, uniq_edmund, uniq_prince_ribbit1
D:7:      layout_basic, nicolae_ossuary_entry_plus, uniq_duvessa
D:8:      layout_layer_cave, amcnicky_altar_gilded, kiku_gazebo_garden_becter,
          mainiacjoe_overflow_catwalk, mainiacjoe_overflow_alcove_4
D:9:      layout_cross, mainiacjoe_overflow_tiny_flanked, enter_bailey_2,
          uniq_grum, uniq_joseph

Skill      XL: |  1  2  3  4  5  6  7  8  9 10 |
---------------+-------------------------------+-----
Ranged Weapons | 4 5 6 7 9 10 12 | 12.0
Fighting       | 4 5 7 8 |  8.1
Dodging        | 2 3 4 |  4.1
Armour         | 1 2 |  2.4
Invocations    | 2 4 |  4.0
Stealth        | |  1.5

Action                     |  1- 3 |  4- 6 |  7- 9 | 10-12 || total
---------------------------+-------+-------+-------+-------++-------
   Fire: Shortbow          |    62 |    82 |    54 |       ||   198
         Orcbow            |       |       |   323 |   149 ||   472
 Invoke: Heroism           |       |       |    17 |     5 ||    22
Ability: Spit Poison       |    24 |    29 |    40 |    28 ||   121
    Use: Potion            |     3 |     3 |     1 |       ||     7
         Scroll            |     1 |     6 |    11 |     4 ||    22
 Armour: Leather armour    |    10 |    15 |    48 |    62 ||   135
  Dodge: Dodged            |    18 |    29 |   115 |    87 ||   249

Table legend:
 A = Non-vault XP
 B = Vault XP
 C = Vault XP percentage of total XP
 D = Non-vault monster count
 E = Vault monster count
 F = Vault count percentage of total count
                 A         B        C        D         E       F
            +---------+---------+-------+---------+---------+-------
      Total |    7021 |    2211 |  23.9 |     149 |      56 |  27.3
            +---------+---------+-------+---------+---------+-------
        D:1 |      21 |       0 |   0.0 |      12 |       0 |   0.0
        D:2 |     101 |       0 |   0.0 |      19 |       0 |   0.0
        D:3 |      57 |     214 |  79.0 |      13 |       1 |   7.1
        D:4 |     229 |       0 |   0.0 |      22 |       0 |   0.0
        D:5 |     949 |     359 |  27.4 |      15 |       5 |  25.0
        D:6 |     973 |     522 |  34.9 |      10 |       6 |  37.5
        D:7 |     471 |     202 |  30.0 |      22 |       2 |   8.3
        D:8 |    2839 |       0 |   0.0 |      26 |       0 |   0.0
        D:9 |    1381 |     469 |  25.4 |      10 |       4 |  28.6
    Ossuary |       0 |     445 | 100.0 |       0 |      38 | 100.0
            +---------+---------+-------+---------+---------+-------
